[Event "1st Serbian League 2022"]
[Site "Vrnjacka Banja"]
[Date "2022.09.28"]
[Round "9.14"]
[White "Stojanovic, Mihajlo"]
[Black "Atalik, Suat"]
[Result "1/2-1/2"]
[ECO "E46"]
[WhiteElo "2494"]
[BlackElo "2436"]
[Annotator "TA"]
[PlyCount "105"]
[EventDate "2022.09.20"]
[EventType "team-tourn"]
[EventCountry "SRB"]
[SourceTitle "playchess.com"]
[Source "ChessBase"]
[SourceQuality "1"]
[TimeControl "40/5400+30:1800+30"]

1. d4 Nf6 2. c4 e6 3. Nc3 Bb4 4. e3 O-O 5. Nge2 Re8 6. a3 Bf8 7. e4 d5 {[%emt 0:06:33] E46: Nimzo-Indian: Rubinstein: 4 e3 0-0 5 Ne2 without early Bd3.} 8. e5 Nfd7 9. cxd5 exd5 10. f4 c5 11. dxc5 Nc6 12. Nxd5 {[%emt 0:42:32][%mdl 8192] [#]} (12. Be3 $1 $11) 12... Ndxe5 $146 ({Predecessor:} 12... Nxc5 13. Nec3 Bf5 14. Be3 Qh4+ 15. g3 Qh6 16. b4 Ne4 17. Nxe4 Bxe4 18. f5 Bxd5 19. Bxh6 Bxh1 {1-0 (73) Tologontegin,S (2350)-Pulvett Marin,D (2434) Baku 2016}) 13. fxe5 Qh4+ 14. Ng3 Rxe5+ 15. Be2 Nd4 $2 (15... Be6 $1 $19 16. Nc3 Rd8) 16. Ne3 $17 Be6 17. b4 (17. O-O $1 $15 Bxc5 18. Kh1) 17... Rd8 $2 ({Black should play} 17... Nxe2 $19 18. Qxe2 Bc4) 18. O-O $11 {[%emt 0:03:45] And now Qe1 would win.} Nb3 19. Qc2 {[%emt 0:01:08] Strongly threatening Qb2.} Nxa1 20. Qc3 (20. Qb2 $5 Qd4 21. Rd1 Qxb2 22. Bxb2 Rxd1+ 23. Nxd1 Rxe2 24. Nxe2 $11) 20... Qd4 21. Qxd4 Rxd4 22. Bb2 (22. Kf2 {looks sharper.} g6 23. Bb2 Nb3 24. Bxd4 Nxd4 25. Rd1) 22... Nb3 23. Bxd4 (23. Kf2 {with more complications.} g6 24. Bxd4 Nxd4 25. Rd1) 23... Nxd4 24. Kf2 g6 $36 {[%emt 0:02:42][%mdl 2048] Black is more active.} 25. Rd1 Bh6 26. Ng4 Bxg4 27. Bxg4 Re7 28. Nf1 Nc6 29. Bf3 Ne5 30. Bd5 (30. Ne3 $11) 30... Kf8 (30... Bc1 $17 31. Ne3 Bxa3) 31. h3 {[%emt 0:07:12] [#]} (31. Ne3 $11 {remains equal.}) 31... f5 ({Black should try} 31... Bc1 $1 $17 32. Ne3 Bxa3) 32. Nh2 Rd7 (32... Bc1 $5 ) 33. Ke2 {[%emt 0:00:00] The position is equal.} Ke7 34. Nf3 Nxf3 35. Bxf3 Rxd1 36. Kxd1 {[%emt 0:00:00][%mdl 4096] Endgame KB-KB} b6 37. cxb6 axb6 38. Kc2 Be3 39. Kd3 Bg1 40. Kc4 Kf6 41. Kd5 Kg5 42. g3 h5 43. h4+ Kf6 {[%emt 0:00:00] ...Bf2 is the strong threat.} 44. a4 Bf2 45. Kc6 Be1 46. Kb5 Ke5 47. Bc6 f4 (47... Bxg3 48. Kxb6 Be1 49. b5 Bxh4 50. Ka7 Bf2+ 51. Ka6 $18) 48. gxf4+ Kxf4 49. Be8 g5 {[%emt 0:00:00] White must now prevent ...g4.} 50. hxg5 Kxg5 51. Kxb6 {[%emt 0:00:00] aiming for b5.} Bxb4 52. a5 Bxa5+ 53. Kxa5 {[%emt 0:00:00] Weighted Error Value: White=0.18 (very precise) /Black=0.19 (very precise)} 1/2-1/2

[Event "1st Serbian League 2022"]
[Site "Vrnjacka Banja"]
[Date "2022.09.28"]
[Round "9.15"]
[White "Vucinic, Gojko"]
[Black "Pezelj, Novak"]
[Result "1/2-1/2"]
[ECO "B12"]
[WhiteElo "2380"]
[BlackElo "2496"]
[Annotator "TA"]
[PlyCount "78"]
[EventDate "2022.09.20"]
[EventType "team-tourn"]
[EventCountry "SRB"]
[SourceTitle "playchess.com"]
[Source "ChessBase"]
[SourceQuality "1"]
[TimeControl "40/5400+30:1800+30"]

1. e4 c6 2. d4 d5 3. e5 Bf5 4. h4 h5 5. Bd3 Bxd3 6. Qxd3 e6 7. Bg5 {[%emt 0:00:08] B12: Caro-Kann: Advance Variation.} Qa5+ 8. Nd2 c5 9. c4 {[%emt 0:07:50] cxd5 is the strong threat. White has an edge.} cxd4 10. Ngf3 dxc4 11. Qxc4 {[%emt 0:00:38] Intending Qc8+ and mate.} Nc6 12. O-O Nge7 {[%emt 0:11:26] [#]} 13. Nb3 $146 ({Predecessor:} 13. Qb3 Qa6 14. Ne4 Nf5 15. Rfd1 Qb6 16. Qd3 Be7 17. Bxe7 Kxe7 18. Nd6 Nxd6 19. exd6+ Kxd6 {½-½ (27) Vucinic,G (2377)-Charkhalashvili,I (2325) Kavala 2014}) 13... Qd5 14. Rac1 Qxc4 (14... d3 $5 ) 15. Rxc4 Nd5 16. Nbxd4 Nxd4 17. Nxd4 Be7 18. Rfc1 a6 19. Nb3 Kd7 20. Bxe7 Kxe7 21. Rc7+ Nxc7 $15 22. Rxc7+ {[%emt 0:00:04][%mdl 4096] Endgame KRR-KRN} Kf8 23. Nc5 Kg8 24. Rxb7 a5 25. Ne4 Kh7 {[%emt 0:00:06] aiming for ...Kg6.} 26. Rxf7 Kg6 27. Nd6 Rhb8 28. b3 a4 29. Re7 {[%emt 0:05:28] [#]} (29. Rc7 $15) 29... Rxb3 $1 $17 30. Rxe6+ (30. axb3 a3) 30... Kh7 31. Re7 {[%emt 0:01:58] [#]} (31. axb3 $2 a3 32. Kh2 a2 $19) 31... Ra3 (31... a3 $1 $17 32. f4 (32. axb3 $2 a2 $19) 32... Rb2) 32. f4 $1 $11 Rxa2 33. f5 $1 {[%emt 0:00:03] And now f6 would win.} Kh8 (33... Rd2 $5 34. f6 $8 Rxd6 $1 35. exd6 (35. Rxg7+ $2 Kh6 $19) 35... a3 $11) 34. Ne8 $2 {[%emt 0:12:45][%mdl 8192] [#]} (34. f6 $1 $11 gxf6 35. exf6) 34... Kg8 $1 $19 35. Nxg7 {[%emt 0:00:06] [#]} (35. f6 {is a better defense.} gxf6 36. exf6) 35... a3 $2 (35... Ra1+ $1 $19 36. Kh2 Rf1) 36. Nxh5 $11 {[%emt 0:01:01] Threatens to win with Nf6+. The position is equal.} Rxg2+ 37. Kxg2 {[%emt 0:00:06] Nf6+ would kill now.} a2 38. Nf6+ Kf8 39. Rd7 {[%emt 0:00:19] White threatens e6 and mate.} a1=Q {[%emt 0:00:30] Weighted Error Value: White=0.32/Black=0.22 (precise)} 1/2-1/2

[Event "1st Serbian League 2022"]
[Site "Vrnjacka Banja"]
[Date "2022.09.28"]
[Round "9.17"]
[White "Milosevic, Milos"]
[Black "Ratkovic, Miloje"]
[Result "1/2-1/2"]
[ECO "B12"]
[WhiteElo "2379"]
[BlackElo "2498"]
[Annotator "TA"]
[PlyCount "73"]
[EventDate "2022.09.20"]
[EventType "team-tourn"]
[EventCountry "SRB"]
[SourceTitle "playchess.com"]
[Source "ChessBase"]
[SourceQuality "1"]
[TimeControl "40/5400+30:1800+30"]

1. e4 c6 2. d4 d5 3. e5 Bf5 4. Nd2 e6 5. Nb3 Nd7 6. Nf3 Ne7 {[%emt 0:01:11] B12: Caro-Kann: Advance Variation.} 7. Be2 Bg4 {[%emt 0:05:54][%cal Oc6c5] 7...h6 is setting a new trend.} 8. O-O Nf5 9. h3 Bxf3 10. Bxf3 g6 11. Bd2 h5 12. a4 {[%emt 0:00:18] [#]} f6 $146 ({Predecessor:} 12... Bh6 13. a5 Bxd2 14. Qxd2 Qe7 15. Rfc1 Rd8 16. Ra4 Kf8 17. Qe2 c5 18. Nxc5 Nxc5 19. dxc5 Qxc5 {½-½ (54) Rublevsky,S (2688)-Deviatkin,A (2570) Irkutsk 2010}) 13. exf6 Qxf6 14. c3 O-O-O 15. a5 (15. Na5 $11) 15... a6 $1 $15 16. Be2 e5 17. dxe5 Nxe5 18. Ra4 Bd6 19. Qc1 Nf7 {[%emt 0:08:32] Prevents Bg5. Threatens to win with ...Qe5.} 20. Bf4 {[%emt 0:00:55] Inhibits Qe5.} g5 ({Black should try} 20... Rde8 $15 21. Bd1 Re7) 21. Bxd6 $11 N7xd6 22. Nc5 Rdg8 23. Re1 Re8 24. Rb4 Re7 {[%emt 0:06:54] Strongly threatening ...Rhe8.} 25. Bf1 Rxe1 26. Qxe1 {[%emt 0:00:05][%cal Of1a6] Black should prevent Bxa6!} Re8 27. Qd1 Qf7 (27... Re7 $11) 28. Rb6 (28. Be2 $142 $1 Re5 29. Bxh5) 28... Re7 {[%emt 0:00:29] [#]} 29. Bxa6 {[%emt 0:16:14] White is more active.} bxa6 30. Rxc6+ Rc7 31. Rxc7+ Kxc7 32. Nxa6+ Kc8 $1 {[%emt 0:00:57] The position is equal.} 33. Nb4 d4 $1 34. Qf3 dxc3 35. bxc3 Qc4 36. a6 {[%emt 0:10:32] Black must now prevent a7.} Qe4 $1 37. Qxe4 {[%emt 0:04:43] Weighted Error Value: White=0.15 (very precise) /Black=0.15 (very precise)} 1/2-1/2

[Event "1st Serbian League 2022"]
[Site "Vrnjacka Banja"]
[Date "2022.09.28"]
[Round "9.18"]
[White "Dimic, Pavle"]
[Black "Vratonjic, Slobo"]
[Result "1/2-1/2"]
[ECO "E68"]
[WhiteElo "2352"]
[BlackElo "2253"]
[Annotator "TA"]
[PlyCount "48"]
[EventDate "2022.09.20"]
[EventType "team-tourn"]
[EventCountry "SRB"]
[SourceTitle "playchess.com"]
[Source "ChessBase"]
[SourceQuality "1"]
[TimeControl "40/5400+30:1800+30"]

1. d4 Nf6 2. c4 d6 3. Nf3 Nbd7 4. g3 e5 5. Nc3 c6 6. Qc2 g6 7. Bg2 Bg7 8. O-O O-O 9. e4 exd4 10. Nxd4 Re8 11. Rd1 Ne5 {[%emt 0:15:24] [#]} ({Black should try} 11... a5 $14) 12. Nce2 {[%emt 0:07:59] E68: King's Indian: Fianchetto: 6...Nbd7 7 0-0 e5 8 e4.} (12. c5 $1 $16) 12... Qe7 $11 {[%emt 0:11:22] [#]} 13. h3 $146 ({Predecessor:} 13. Bf4 a6 14. b4 a5 15. bxa5 Rxa5 16. Nb3 Ra6 17. c5 d5 18. Nc3 Bg4 19. exd5 Bxd1 20. Rxd1 Nxd5 21. Nxd5 cxd5 22. Bxd5 {0-1 (46) Haag,E-Spassky,B Havana 1962}) 13... a6 14. Bf4 Bd7 15. Nb3 c5 16. Nd2 b5 17. Nc3 b4 ({Don't take} 17... bxc4 18. Bxe5 dxe5 19. Nxc4 $14) 18. Nd5 Nxd5 19. cxd5 Bb5 {[%emt 0:00:37] Threatens to win with ...Nd3.} 20. Bf1 {[%emt 0:03:01] Prevents Nd3.} Qd7 {[%emt 0:06:30] [#] And now ...Bxf1 would win.} 21. Kg2 Bxf1+ 22. Rxf1 Rab8 23. b3 a5 24. a4 Qe7 {[%emt 0:01:50] Weighted Error Value: White=0.22 (precise) /Black=0.15 (very precise)} (24... c4 $5) 1/2-1/2

[Event "1st Serbian League 2022"]
[Site "Vrnjacka Banja"]
[Date "2022.09.28"]
[Round "9.19"]
[White "Predojevic, Borki"]
[Black "Sarana, Alexey"]
[Result "1/2-1/2"]
[ECO "B51"]
[WhiteElo "2584"]
[BlackElo "2662"]
[Annotator "TA"]
[PlyCount "35"]
[EventDate "2022.09.20"]
[EventType "team-tourn"]
[EventCountry "SRB"]
[SourceTitle "playchess.com"]
[Source "ChessBase"]
[SourceQuality "1"]
[TimeControl "40/5400+30:1800+30"]

1. e4 c5 2. Nf3 d6 3. Bb5+ Nd7 4. O-O a6 5. Bd3 Ngf6 6. Re1 {[%emt 0:00:20] B51: Sicilian: Moscow Variation (3 Bb5+) without 3...Bd7.} e6 $1 {[%emt 0:00:10] The main line 6...e6 scores better than 6...b5.} 7. c3 b5 8. Bc2 Bb7 9. d4 Be7 10. a4 Qc7 {[%emt 0:03:19] [#]} 11. d5 $146 ({Predecessor:} 11. axb5 axb5 12. Rxa8+ Bxa8 13. Qe2 Qb8 14. Nbd2 cxd4 15. cxd4 O-O 16. Nf1 Rc8 17. Ng3 {0-1 (40) Selbes,T (2255)-Cheparinov,I (2685) Ankara 2022}) 11... exd5 12. exd5 Nb6 13. axb5 (13. Qe2 {looks sharper.} Bxd5 14. Bg5 Bc4 15. Qe3) 13... axb5 14. Rxa8+ Bxa8 15. Na3 O-O 16. Nxb5 Qd7 17. Qe2 {[%emt 0:03:30] With the idea c4.} Nbxd5 18. c4 {[%emt 0:07:07] Weighted Error Value: White=0.05 (flawless) /Black=0.04 (flawless)} 1/2-1/2

[Event "1st Serbian League 2022"]
[Site "Vrnjacka Banja"]
[Date "2022.09.28"]
[Round "9.20"]
[White "Ivic, Velimir"]
[Black "Bogosavljevic, Boban"]
[Result "1-0"]
[ECO "B27"]
[WhiteElo "2553"]
[BlackElo "2533"]
[Annotator "TA"]
[PlyCount "61"]
[EventDate "2022.09.20"]
[EventType "team-tourn"]
[EventCountry "SRB"]
[SourceTitle "playchess.com"]
[Source "ChessBase"]
[SourceQuality "1"]
[TimeControl "40/5400+30:1800+30"]

1. e4 c5 2. Nf3 g6 3. c3 d5 4. e5 Bg4 5. Bb5+ Nc6 6. Bxc6+ {[%emt 0:00:41] B27: Sicilian: 2 Nf3, unusual Black 2nd moves.} bxc6 7. O-O Bg7 8. Re1 {[%emt 0:03:28] [#] White is slightly better.} f6 $146 ({Predecessor:} 8... Qc7 9. d4 cxd4 10. cxd4 c5 11. Nc3 e6 12. Nb5 Qb6 13. Nd6+ Kf8 14. Nxf7 Kxf7 {1-0 (46) Aung,T (2268)-Manukyan,S (2253) Chess.com INT 2021}) 9. e6 Qd6 10. Qe2 f5 11. d3 Nf6 12. h3 Bh5 13. Nbd2 O-O 14. Qf1 h6 15. Ne5 f4 (15... Qxe6 $2 16. Nxg6 $1 Qd7 17. Nxf8 (17. Rxe7 Qd6 $16) 17... Rxf8 18. f4 $18) 16. Nf7 {[%emt 0:03:19] Pair of Knights!} Qc7 17. Nb3 g5 18. Nxc5 f3 {[%emt 0:01:16] [#]} (18... Bxf7 $14 19. exf7+ Rxf7) 19. d4 {[%emt 0:16:42] White is more active.} (19. gxf3 $142 $1 {[%cal Oh3h4] Hoping for h4!} Bxf3 20. d4) 19... Ne8 (19... fxg2 $16 20. Qxg2 Bxf7 21. exf7+ Rxf7) 20. Ne5 (20. gxf3 $18 {[%cal Oh3h4] Threatens to win with h4!} Bxf7 21. exf7+ Rxf7 22. Qg2) 20... fxg2 $16 21. Qxg2 Nd6 {[%emt 0:00:23] [#] A mistake that costs the game.} (21... Rf5 $16 {might work better.}) 22. h4 $1 $18 Nf5 23. hxg5 Bxe5 24. Rxe5 ({But not} 24. dxe5 Kh8 25. Qh3 (25. gxh6 $2 Rg8 $19) 25... Bg6 26. gxh6 a5 $18) 24... Nh4 (24... Bg6 25. Qh2 (25. gxh6 Nh4 $18) 25... h5) 25. Qh3 Nf3+ 26. Kg2 Nxe5 27. Qxh5 {[%emt 0:00:22] And now f4 would win.} Nf3 28. Qg6+ Kh8 29. Qxh6+ Kg8 30. Be3 {[%emt 0:01:27] Threatening mate with Rh1.} Rf4 31. Rh1 {[%emt 0:01:26] Weighted Error Value: White=0.11 (very precise) /Black=0.67} 1-0

[Event "1st Serbian League 2022"]
[Site "Vrnjacka Banja"]
[Date "2022.09.28"]
[Round "9.21"]
[White "Vuckovic, Bojan"]
[Black "Nenezic, Marko"]
[Result "1-0"]
[ECO "B33"]
[WhiteElo "2559"]
[BlackElo "2528"]
[Annotator "TA"]
[PlyCount "133"]
[EventDate "2022.09.20"]
[EventType "team-tourn"]
[EventCountry "SRB"]
[SourceTitle "playchess.com"]
[Source "ChessBase"]
[SourceQuality "1"]
[TimeControl "40/5400+30:1800+30"]

1. e4 c5 2. Nf3 Nc6 3. d4 cxd4 4. Nxd4 Qb6 5. Nb3 Nf6 6. Nc3 e6 7. Bd3 a6 8. f4 {[%emt 0:04:48] B33: Sicilian: Pelikan and Sveshnikov Variations.} Bb4 {[%emt 0:17:52] [#]} 9. Qe2 $146 ({Predecessor:} 9. Qf3 O-O 10. Bd2 Qc7 11. a3 Be7 12. e5 Ne8 13. O-O d6 14. Qe4 g6 15. Rae1 b5 {½-½ (64) Munenga,D (2339)-Kigigha,B (2270) Chess.com INT 2021}) 9... d5 10. Bd2 {[%emt 0:27:20] White is slightly better.} dxe4 11. Nxe4 Nxe4 12. Bxe4 Bxd2+ $1 13. Qxd2 O-O 14. O-O-O Rd8 15. Qc3 Bd7 16. g3 Rac8 17. Qc5 Qc7 18. Rd2 (18. Qh5 f5 19. Bxc6 Bxc6 20. Rxd8+ Qxd8 $11) 18... Be8 19. Rhd1 Rxd2 20. Rxd2 g6 21. Nd4 Na5 22. Qxc7 Rxc7 23. b3 Kf8 24. Kb2 Ke7 25. c4 Nc6 26. Kc3 f6 27. Bxc6 Bxc6 $14 {[%emt 0:00:38][%mdl 4096] Endgame KRB-KRN} 28. Re2 Bd7 29. g4 Kf7 30. g5 h6 31. gxf6 Kxf6 32. b4 g5 33. fxg5+ hxg5 34. Rf2+ Kg6 (34... Ke7 $11) 35. Nf3 $1 $16 {[%emt 0:00:26] Threatens to win with Ne5+.} Bc6 ({Black should try} 35... Kf6) 36. Ne5+ Kg7 37. Kd4 {[%emt 0:00:31] Prevents Be4. White is more active.} Be8 38. c5 Bc6 $2 (38... Bb5 $16 39. Ke4 a5) 39. Nxc6 $18 Rxc6 {[%emt 0:00:07] KR-KR} 40. a4 Rc8 (40... e5+ $142 41. Kd5 (41. Kxe5 a5 $18) 41... Rc8 42. Kxe5 a5) 41. a5 Rd8+ 42. Ke5 Rd1 43. Kxe6 {[%emt 0:00:07] And now Rf7+ would win.} Re1+ 44. Kd5 Rb1 45. Kc4 Kg6 46. Rd2 g4 47. Rd6+ Kf5 48. Rb6 Rc1+ 49. Kb3 Rb1+ 50. Kc3 $1 Rc1+ 51. Kd2 $2 (51. Kd3 $18) 51... Rh1 $14 52. Rxb7 Rxh2+ 53. Ke3 {[%emt 0:00:14] Hoping for b5.} Rb2 $2 (53... Rh3+ $1 $14 54. Kd4 g3) 54. Kd3 $2 (54. b5 $1 $18 {[%cal Rb5a6] is the precise move to win.} axb5 55. a6) 54... g3 $2 {[%emt 0:06:36][%mdl 8192] [#]} (54... Rb1 $16) 55. c6 $1 $18 {[%emt 0:00:06] White threatens c7 and mate.} ({Less strong is} 55. Rg7 Rxb4 56. c6 Rb1 $11) 55... Rb1 56. Rg7 Rc1 57. Rxg3 {[%emt 0:00:09] Black must now prevent Re3.} Rxc6 {[%emt 0:00:04] [#]} 58. Re3 $1 Kf6 59. Kd4 {[%emt 0:00:28] White wants to mate with Kd5.} Kf7 60. Kd5 (60. Re5 $142 Rc8 61. Rh5) 60... Rh6 61. Re5 Rg6 62. Kc5 Rh6 63. b5 {[%emt 0:01:02] Threatening mate with b6.} axb5 64. Kxb5 {[%emt 0:00:04] White mates.} Rh1 65. a6 Kf6 66. Re4 Kf5 67. Ra4 {[%emt 0:00:43] Weighted Error Value: White=0.21 (precise) /Black=0.47} 1-0